 Dungeon Crawl Stone Soup version 0.30-a0-799-g109b55a442 (webtiles) character file.

Game seed: 3868367478945166658

497 dolemite99 the Shooter (level 6, -4/48 HPs)
             Began as a Draconian Hunter on Feb 21, 2023.
             Was a Believer of Lugonu.
             Slain by a black bear (8 damage)
             ... on level 6 of the Dungeon.
             The game lasted 00:07:15 (3404 turns).

dolemite99 the Shooter (Draconian Hunter)           Turns: 3404, Time: 00:07:15

Health: -4/48      AC:  3    Str: 13    XL:     6   Next: 93%
Magic:  6/6        EV: 12    Int: 10    God:    Lugonu [**....]
Gold:   528        SH:  0    Dex: 16    Spells: 3/5 levels left

rFire   . . .      SeeInvis .    a - +0 shortbow
rCold   . . .      Faith    .    (shield currently unavailable)
rNeg    . . .      Spirit   .    (body armour unavailable)
rPois   .          Reflect  .    (helmet restricted)
rElec   .          Harm     .    (no cloak)
rCorr   .          Rampage  .    x - +0 pair of gloves
Will    .....                    (no boots)
Stlth   +                        c - amulet of regeneration
HPRegen 1.08/turn                (no ring)
MPRegen 0.10/turn                (no ring)

@: confused, lethally poisoned (-4 -> -15), ambrosia-drunk, corroded
A: AC +6, unfitting armour, cold-blooded
a: Renounce Religion, Depart the Abyss, Banish


You were on level 6 of the Dungeon.
You worshipped Lugonu.
Lugonu was pleased with you.
You visited 1 branch of the dungeon, and saw 6 of its levels.

You collected 1152 gold pieces.
You spent 624 gold pieces at shops.

Inventory:

Hand Weapons
 a - a +0 shortbow (weapon)
 d - a +2 short sword of draining
 f - a +0 hand axe
 h - a +1 mace of protection
 j - a +3 whip
 r - a +3 vampiric war axe
Missiles
 e - 23 stones
 i - 5 atropa-tipped darts
 p - 6 curare-tipped darts
 q - 6 poisoned darts
Armour
 x - a +0 pair of gloves (worn)
Jewellery
 c - an amulet of regeneration (around neck)
 k - an amulet of reflection
 l - an amulet of faith
 w - a ring of wizardry
Scrolls
 b - 2 scrolls of immolation
 v - 3 scrolls of poison
Potions
 g - a potion of brilliance
 m - 2 potions of might
 t - a potion of attraction


   Skills:
 - Level 2.1 Fighting
 + Level 7.0 Ranged Weapons
 - Level 1.7 Dodging
 - Level 0.8 Stealth
 + Level 3.1 Translocations


You had 3 spell levels left.
You knew the following spells:

 Your Spells              Type           Power      Damage    Failure   Level
a - Blink                 Tloc           12%        N/A       16%         2

Your spell library contained the following spells:

 Spells                   Type           Power      Damage    Failure   Level
 Lesser Beckoning         Tloc           12%        N/A       16%         2
 Momentum Strike          Conj/Tloc      6%         3d8       30%         2
 Necrotise                Necr           0%         1d4       36%         1
 Portal Projectile        Hex/Tloc       6%         N/A       52%         3
 Summon Guardian Golem    Hex/Summ       0%         N/A       75%         3
 Orb of Destruction       Conj           0%         9d5       100%        7
 Spellforged Servitor     Conj/Summ      0%         N/A       100%        7
 Necromutation            Tmut/Necr      0%         N/A       100%        8


Dungeon Overview and Level Annotations

Branches:
Dungeon (6/15)
 Temple: D:4-7

Altars:
Xom
Lugonu

Shops:
D:2 [   D:5 :


Innate Abilities, Weirdness & Mutations

Your plain brown scales are hard. (AC +6)
You cannot fit into any form of body armour.
You are cold-blooded and may be slowed by cold attacks.


Message History

The jelly hits you.
You are splashed with acid.
The black bear closely misses you. The black bear claws you. x2
The water moccasin misses you. The scorpion closely misses you.
Fire: a) +0 shortbow
Press: ? - help, Q - select action, (/) - cycle Shift-Dir - straight line, f/p - jelly
Aim: a jelly (almost dead, 90% to hit)
You shoot an arrow.
The arrow hits the jelly but does no damage.
The jelly is almost dead.
You feel sick. The water moccasin bites you.
You are more poisoned.
The water moccasin poisons you! The black bear misses you.
The black bear closely misses you. x2; The jelly hits you but does no damage.
The scorpion barely misses you. The water moccasin bites you.
The black bear bites you. The black bear claws you.
* * * LOW HITPOINT WARNING * * *
The black bear misses you. The jelly hits you but does no damage.
Okay, then.
It was a potion of ambrosia.
You are confused.
You feel invigorated.
You feel very sick. The scorpion stings you.
* * * LOW HITPOINT WARNING * * *
The water moccasin bites you.
* * * LOW HITPOINT WARNING * * *
You are lethally poisoned!
The water moccasin poisons you! The black bear closely misses you.
The black bear barely misses you. The black bear closely misses you.
The jelly misses you. The scorpion closely misses you.
Non-targeted confused fire: a) +0 shortbow
Press: ? - help, Q - select action, (/) - cycle Dir - look around, f - activate You shoot an arrow.
The arrow hits the black bear.
The black bear is lightly wounded.
* * * LOW HITPOINT WARNING * * *
You feel very sick. The water moccasin closely misses you.
The scorpion stings you.
* * * LOW HITPOINT WARNING * * *
The water moccasin barely misses you. The black bear bites you!
You die...

.#.##
#.............
...#. #...!.....#
.....###........##
............#..#
............#.##
##........#.#
#........#.#
#..sS......#
#..h@J...#...
##########.#.. # #


You could see a water moccasin, a black bear, a scorpion and a jelly.

Vanquished Creatures
  A water moccasin (D:6)
  A phantom (D:6)
  A necrophage (D:5)
  A howler monkey (D:6)
  An orc priest (D:4)
  A hound (D:3)
  2 iguanas
  An orc wizard (D:4)
  Robin (D:2)
  A dart slug (D:2)
  3 orcs
  4 endoplasms
  4 giant cockroaches
  13 goblins
  3 hobgoblins
  6 jackals
  2 quokkas
  6 ball pythons
  6 bats
  3 frilled lizards
  5 kobolds
  4 rats
70 creatures vanquished.

Notes
Turn   | Place    | Note
-------+----------+-------------------------------------------
     0 | D:1      | dolemite99 the Draconian Hunter began the quest for the
                  | Orb.
     0 | D:1      | Reached XP level 1. HP: 17/17 MP: 1/1
   160 | D:1      | Reached skill level 4 in Ranged Weapons
   167 | D:1      | Reached XP level 2. HP: 15/24 MP: 2/2
   787 | D:2      | Found a shimmering altar of Xom.
  1042 | D:2      | Reached XP level 3. HP: 29/29 MP: 3/3
  1066 | D:2      | Found Fedyseof's Armour Shoppe.
  1306 | D:2      | Noticed Robin
  1312 | D:2      | Identified 2 scrolls of acquirement
  1316 | D:2      | HP: 1/29 [goblin/+0 dagger[Robin] (1)]
  1738 | D:2      | Acquired 1015 gold pieces
  1740 | D:2      | Acquired an amulet of regeneration
  1972 | D:2      | Killed Robin
  2545 | D:3      | Found a faded altar of an unknown god.
  2551 | D:3      | Prayed at the altar of an unknown god.
  2551 | D:3      | Became a worshipper of Lugonu the Unformed
  2551 | D:3      | Reached * piety under Lugonu
  2612 | D:3      | Reached skill level 5 in Ranged Weapons
  2644 | D:3      | Reached XP level 4. HP: 36/36 MP: 4/4
  3156 | D:4      | Reached XP level 5. HP: 41/41 MP: 5/5
  3176 | D:4      | Reached skill level 6 in Ranged Weapons
  3195 | D:4      | Reached ** piety under Lugonu
  3305 | D:4      | You fall into a shaft and drop 1 floor!
  3305 | D:5      | Entered Level 5 of the Dungeon
  3305 | D:5      | Found Esanlota's Book Shop.
  3308 | D:5      | Bought a book of Spatial Translocations for 234 gold pieces
  3312 | D:5      | Learned a level 2 spell: Blink
  3315 | D:5      | Bought the Reference Book on Cunning Wicked Spells for 390
                  | gold pieces
  3350 | D:6      | Noticed a water moccasin
  3359 | D:5      | Reached skill level 1 in Translocations
  3359 | D:5      | Reached XP level 6. HP: 46/48 MP: 6/6
  3381 | D:6      | Killed a water moccasin
  3394 | D:6      | Reached skill level 7 in Ranged Weapons
  3395 | D:6      | Noticed a water moccasin
  3404 | D:6      | Slain by a black bear

Illustrated notes

Levels and vault maps discovered:
D:1:      kennysheep_arrival_forest, layout_basic, st_stairs_10,
          chequers_arboretum
D:2:      layout_basic, basic_altar, serial_shops, shop, minmay_misc_feat_room,
          uniq_robin
D:3:      layout_basic, ebering_ecumenical_altar_hall
D:4:      layout_rooms, ebering_ghost_sewer_d, nicolae_goblin_pals
D:5:      layout_rooms, serial_shops, nicolae_take_the_stairs, sigmund_army
D:6:      layout_rooms

Skill      XL: |  1  2  3  4  5  6 |
---------------+-------------------+-----
Ranged Weapons | 4 5 6 7 |  7.0
Translocations | 1 3 |  3.1
Fighting       | |  2.1
Dodging        | |  1.7
Stealth        | |  0.8

Action                     |  1- 3 |  4- 6 || total
---------------------------+-------+-------++-------
  Melee: Shortbow          |       |     1 ||     1
   Fire: Shortbow          |   112 |   117 ||   229
    Use: Scroll            |     7 |     3 ||    10
         Potion            |     4 |     4 ||     8
 Armour: Skin              |    35 |    63 ||    98
  Dodge: Dodged            |    49 |    59 ||   108

Table legend: (Time is in decaauts)
 A = Elapsed time spent in this place.
 B = Non-inter-level travel time spent in this place.
 C = Inter-level travel time spent in this place.
 D = Time resting spent in this place.
 E = Time spent auto-exploring this place.
 F = Levels seen in this place.
 G = Mean time per level.
                   A        B        C        D        E       F      G
               +--------+--------+--------+--------+--------+-----+--------+
         Total |   3448 |   3305 |    143 |    961 |   1641 |   6 |  574.7 |
       Dungeon |   3448 |   3305 |    143 |    961 |   1641 |   6 |  574.7 |
               +--------+--------+--------+--------+--------+-----+--------+

Top non-repeatable levels by time:
     D:2: 1679 daAuts
     D:1: 800 daAuts
     D:3: 686 daAuts
     D:4: 174 daAuts
     D:6: 80 daAuts
     D:5: 27 daAuts
